 Dungeon Crawl Stone Soup version 0.28-a0-631-g0446da8ef9 (webtiles) character file.

Game seed: 16553088781025943128

7108 jasper the Cleaver (level 11, -11/84 HPs)
             Began as a Formicid Fighter on Oct 10, 2021.
             Was a Believer of Ashenzari.
             Killed from afar by a raiju (16 damage)
             ... with a living lightning
             ... on level 2 of the Abyss.
             The game lasted 00:14:59 (10270 turns).

jasper the Cleaver (Formicid Fighter)              Turns: 10270, Time: 00:14:59

Health: -11/84     AC: 24    Str: 23    XL:     11   Next: 31%
Magic:  11/11      EV:  7    Int:  7    God:    Ashenzari [**....]
Gold:   411        SH:  5    Dex: 10    Spells: 10/10 levels left

rFire   + . .      SeeInvis +   a - +0 war axe (protect)
rCold   . . .      Faith    .   c - +0 buckler of the Tethered Activism {Melee, Cun} (curse)
rNeg    . . .      Spirit   .   D - +1 plate armour of Huedoloa {Harm rPois rF+ Str-2}
rPois   +          Reflect  .   (helmet unavailable)
rElec   .          Harm     +   h - +0 cloak of Curses and Power {Comp, Fort} (curse)
rCorr   .          Rampage  .   (no gloves)
Will    ++...                   d - +0 pair of boots
Stlth   ..........              (no amulet)
HPRegen 0.24/turn               g - ring "At What Cost Knowledge?" {Will+, Bglg, Alch} (curse)
MPRegen 0.12/turn               (no ring)

@: under a protective aura
A: permanent stasis, dig shafts and tunnels, antennae 3, four strong arms
a: Dig, Shaft Self, Renounce Religion, Shatter the Chains


You were on level 2 of the Abyss.
You worshipped Ashenzari.
Ashenzari was pleased with you.
You visited 2 branches of the dungeon, and saw 10 of its levels.
You visited the Abyss 1 time.
You also visited: Ossuary.

You collected 411 gold pieces.

Inventory:

Hand Weapons
 a - a +0 war axe of protection (weapon)
 e - a +0 flail
 p - the +8 whip of Blood-Lust {pain, Dex+7}
   (You took it off an orc on level 7 of the Dungeon)

   In the hands of one skilled in necromantic magic, it inflicts extra damage on
   living creatures.
   Dex:       It affects your dexterity (+7).
 r - a +1 halberd of flaming
 s - a +0 great mace
Missiles
 k - 317 stones
 n - 2 atropa-tipped darts
 q - 2 throwing nets
 t - 11 poisoned darts (quivered)
 H - 6 boomerangs
Armour
 c - the cursed +0 buckler of the Tethered Activism (worn) {Melee, Cun}

   It has a curse which improves the following skills: Melee Combat: Short
   Blades, Long Blades, Axes, Maces & Flails, Polearms, Staves and Unarmed
   Combat.
   Cunning:   Dodging and Stealth.
 d - a +0 pair of boots (worn)
 f - a +0 chain mail
 h - the cursed +0 cloak of Curses and Power (worn) {Comp, Fort}
   (You found it on level 2 of the Dungeon)

   It has a curse which improves the following skills: Companions: Summonings
   and Necromancy.
   Fortitude: Armour and Shields.
 u - a +0 plate armour
 D - the +1 plate armour of Huedoloa (worn) {Harm rPois rF+ Str-2}
   (You found it on level 6 of the Dungeon)

   Str:       It affects your strength (-2).
   rF:        It protects you from fire.
   rPois:     It protects you from poison.
   Harm:      It increases damage dealt and taken.
 E - a +0 cloak
Jewellery
 b - a ring of ice
 g - the cursed ring "At What Cost Knowledge?" (left hand) {Will+, Bglg, Alch}
   (You found it on level 1 of the Dungeon)

   [ring of willpower]

   Will:      It increases your willpower.
   It has a curse which improves the following skills: Beguiling: Conjurations,
   Hexes and Translocations.
   Alchemy:   Poison Magic and Transmutations.
Wands
 v - a wand of charming (11)
 w - a wand of flame (29)
 J - a wand of digging (5)
Scrolls
 x - a scroll of amnesia
 y - 2 scrolls of immolation
 A - a scroll of brand weapon
 B - 2 scrolls of silence
 C - 2 scrolls of holy word
 F - 2 scrolls of fear
 G - a scroll of enchant weapon
 I - a scroll of enchant armour
Potions
 i - 3 potions of attraction
 j - 2 potions of brilliance
 l - 3 potions of ambrosia
 m - 5 potions of curing
 o - 2 potions of berserk rage
 z - 2 potions of magic
 K - a potion of resistance


   Skills:
 + Level 7.3 Fighting
 - Level 13.0(14.4) Axes
 + Level 7.3(8.8) Armour
 - Level 4.5(6.0) Shields
 + Level 6.4 Evocations


You had 10 spell levels left.
You didn't know any spells.
Your spell library contained the following spells:

 Spells                   Type           Power      Damage    Failure   Level
 Foxfire                  Conj/Fire      0%         2x1d4     99%         1
 Freeze                   Ice            0%         1d3       99%         1
 Slow                     Hex            0%         N/A       100%        2
 Confusing Touch          Hex            0%         N/A       100%        3
 Conjure Flame            Conj/Fire      0%         6-21      100%        3
 Frozen Ramparts          Ice            0%         1d2       100%        3
 Inner Flame              Hex/Fire       0%         N/A       100%        3
 Summon Guardian Golem    Hex/Summ       0%         N/A       100%        3
 Flame Wave               Conj/Fire      0%         3d3       100%        4
 Hailstorm                Conj/Ice       0%         3d3       100%        4
 Yara's Violent Unravell  Hex/Tmut       0%         3d3       100%        5
 Orb of Destruction       Conj           0%         N/A       100%        7
 Spellforged Servitor     Conj/Summ      0%         N/A       100%        7


Dungeon Overview and Level Annotations

Branches:
Dungeon (9/15)             Temple (1/1) D:6         Ossuary (visited)
   Lair: D:8-11         Orc: D:9-12

Altars:
Ashenzari
Elyvilon
Fedhas
Kikubaaqudgha
Makhleb
Nemelex Xobeh
Qazlal
Ru
Vehumet
Wu Jian
Xom
Yredelemnul
The Shining One

Shops:
D:1 [

Annotations:
D:7 1 runed translucent door, exclusion: 3 orange crystal statues
D:9 Psyche


Innate Abilities, Weirdness & Mutations

You cannot be hasted, slowed, berserked, paralysed or teleported.
You can dig through walls and to a lower floor.
You have a pair of large antennae on your head. (SInv)
Your four strong arms can wield two-handed weapons with a shield.


Message History

The tentacled starspawn is heavily damaged.
You hit the tentacled starspawn.
The tentacled starspawn is heavily damaged.
The tentacled starspawn barely misses you.
The tentacled starspawn tentacle-slaps you but does no damage.
You slash the tentacled starspawn!
The tentacled starspawn is severely damaged.
You block the tentacled starspawn's attack.
The tentacled starspawn tentacle-slaps you.
You take 2 damage, and have 38/83 hp.
You hit the tentacled starspawn but do no damage.
The tentacled starspawn is severely damaged.
The raiju bursts into living lightning!
The living lightning misses you.
The raiju blinks! x2
A tentacle flies out from the starspawn's body!
A starspawn tentacle comes into view.
You slash the tentacled starspawn!
The tentacled starspawn is almost destroyed.
You closely miss the raiju. The raiju misses you.
The tentacled starspawn bites you!!
* * * LOW HITPOINT WARNING * * *
The tentacled starspawn completely misses you.
A starspawn tentacle comes into view.
You take 20 damage, and have 18/83 hp.
MASSIVE DAMAGE!!
You slash the tentacled starspawn!
You destroy the tentacled starspawn!
The starspawn's tentacles wither and die.
You hit the raiju.
The raiju bursts into living lightning!
The living lightning hits the raiju.
The raiju completely resists.
The living lightning hits you!
* * * LOW HITPOINT WARNING * * *
The raiju blinks! x2
Your Fighting skill increases to level 7!
Your base Armour skill increases to level 7!
Your Evocations skill increases to level 6!
You take 13 damage, and have 5/84 hp.
The raiju bursts into living lightning!
The living lightning misses the raiju.
The living lightning hits you!
You die...

. * * , ,... ,
,#.#, , , #..##**
, * #...# * , *
,,,,,,#....,# *
,*..##.#.# * * *
*# ###.##.## , #
,#.. ...#.@# ..#,
* ###.#h#### * *
.*.. #*
##...h....# #.###.
*#...h.#(.#.# ≈ .
...####.#.#.......
...# ....#.#.
#...# , * ,
.............
...#,* , # .....
∩... ..# ...# #..
...... ... ...#≈


You could see 3 raiju.

Vanquished Creatures
  A tentacled starspawn (Abyss:2)
  Harold (D:7)
  Erica (D:8)
  An orange crystal statue (D:7)
  Pikel (D:4)
  Joseph (D:8)
  Prince Ribbit (D:7)
  Sigmund (D:4)
  Edmund (D:6)
  Duvessa (D:7)
  A water moccasin (D:6)
  An ice beast (D:7)
  2 orc warriors
  A sky beast (D:5)
  2 ogres
  4 centaurs
  A lemure (D:4)
  Blork the orc (D:6)
  3 bullfrogs
  Dowan (D:7)
  A wyvern zombie (D:6)
  3 scorpions
  A howler monkey (D:2)
  4 centaur zombies
  6 human zombies (Ossuary)
  4 hounds
  A jelly (D:6)
  Crazy Yiuf (D:6)
  4 orc priests
  A bullfrog skeleton (D:7)
  8 iguanas
  7 orc wizards
  2 hound skeletons (D:4)
  2 mummies (Ossuary)
  6 gnolls (D:4)
  9 adders
  3 white imps
  2 ufetubi
  3 worms
  4 dart slugs
  30 orcs
  4 bats
  6 endoplasms
  2 giant cockroaches
  7 goblins
  8 hobgoblins
  4 jackals (D:2)
  6 kobolds
  7 quokkas
  10 ball pythons
  6 frilled lizards
  12 hobgoblin zombies (Ossuary)
  3 jackal zombies (Ossuary)
  5 kobold zombies (Ossuary)
  9 orc zombies (Ossuary)
  2 rats (D:1)
220 creatures vanquished.

Vanquished Creatures (others)
  2 starspawn tentacles (Abyss:2)
2 creatures vanquished.

Grand Total: 222 creatures vanquished

Notes
Turn   | Place    | Note
-------+----------+-------------------------------------------
     0 | D:1      | jasper the Formicid Fighter began the quest for the Orb.
     0 | D:1      | Reached XP level 1. HP: 18/18 MP: 1/1
   211 | D:1      | Reached XP level 2. HP: 24/24 MP: 2/2
   311 | D:1      | Found Vaaxug's Armour Shop.
   572 | D:1      | Reached skill level 3 in Axes
  1049 | D:2      | Reached XP level 3. HP: 29/29 MP: 3/3
  1388 | D:2      | Reached skill level 4 in Axes
  1388 | D:2      | Reached XP level 4. HP: 28/35 MP: 4/4
  1532 | D:2      | Reached XP level 5. HP: 35/41 MP: 5/5
  1589 | D:2      | Found a faded altar of an unknown god.
  1604 | D:2      | Reached skill level 5 in Axes
  2142 | D:3      | Reached XP level 6. HP: 47/47 MP: 6/6
  2172 | D:3      | Reached skill level 6 in Axes
  3188 | D:4      | Found a sand-covered staircase.
  3197 | Ossuary  | Entered an ossuary
  3314 | Ossuary  | Reached XP level 7. HP: 52/52 MP: 7/7
  3320 | Ossuary  | Reached skill level 7 in Axes
  3435 | Ossuary  | Reached skill level 8 in Axes
  3620 | D:4      | Found a stormy altar of Qazlal.
  3622 | D:4      | Noticed an air elemental
  3622 | D:4      | Noticed a water elemental
  3622 | D:4      | Noticed a fire elemental
  3725 | D:4      | Noticed Sigmund
  3729 | D:4      | Killed Sigmund
  3730 | D:4      | Reached XP level 8. HP: 58/58 MP: 8/8
  3818 | D:4      | Reached skill level 9 in Axes
  3940 | D:4      | Noticed Pikel
  3963 | D:4      | Killed Pikel
  3964 | D:4      | Reached skill level 10 in Axes
  4139 | D:4      | Reached XP level 9. HP: 62/64 MP: 9/9
  4356 | D:4      | Reached skill level 11 in Axes
  4960 | D:5      | Entered Level 5 of the Dungeon
  5387 | D:5      | Reached skill level 12 in Axes
  5952 | D:6      | Noticed Edmund
  5966 | D:6      | Killed Edmund
  6084 | D:6      | Noticed Blork the orc
  6094 | D:6      | Killed Blork the orc
  6132 | D:6      | Found a staircase to the Ecumenical Temple.
  6187 | D:6      | Reached skill level 13 in Axes
  6187 | D:6      | Reached XP level 10. HP: 23/70 MP: 10/10
  6438 | Temple   | Entered the Ecumenical Temple
  6464 | Temple   | Became a worshipper of Ashenzari the Shackled
  6604 | D:6      | Identified the +1 plate armour of Huedoloa {Harm rPois rF+
                  | Str-2}
  6616 | D:6      | Found a runed translucent door.
  6617 | D:6      | Noticed Crazy Yiuf
  6957 | D:6      | Reached skill level 1 in Evocations
  7341 | D:6      | Killed Crazy Yiuf
  7401 | D:7      | Noticed Prince Ribbit
  7548 | D:7      | Noticed Duvessa
  7549 | D:7      | Noticed Dowan
  7555 | D:7      | Found a runed translucent door.
  7565 | D:7      | Killed Duvessa
  7588 | D:7      | Killed Dowan
  7768 | D:7      | Found the +10 tower shield of Ignorance {rN+ Int-4}
  7774 | D:7      | Found a runed translucent door.
  7774 | D:7      | Noticed an orange crystal statue
  7887 | D:7      | Noticed an orange crystal statue
  7887 | D:7      | Noticed an orange crystal statue
  7887 | D:7      | Noticed an orange crystal statue
  7918 | D:7      | Killed an orange crystal statue
  7992 | D:7      | Killed Prince Ribbit
  7993 | D:7      | Reached skill level 5 in Fighting
  7993 | D:7      | Reached skill level 5 in Armour
  8196 | D:7      | Identified the +8 whip of Blood-Lust {pain, Dex+7}
  8724 | D:7      | Noticed Harold
  8750 | D:7      | Killed Harold
  9008 | D:8      | Noticed Erica
  9034 | D:8      | Killed Erica
  9035 | D:8      | Reached skill level 5 in Evocations
  9076 | D:8      | Reached XP level 11. HP: 52/81 MP: 11/11
  9321 | D:8      | Reached * piety under Ashenzari
  9562 | D:8      | Noticed Joseph
  9582 | D:8      | Killed Joseph
  9942 | D:8      | Reached ** piety under Ashenzari
 10231 | D:9      | Noticed Psyche
 10234 | D:9      | Cast into level 2 of the Abyss (Psyche)
 10258 | Abyss:2  | Noticed a tentacled starspawn
 10269 | Abyss:2  | Killed a tentacled starspawn
 10270 | Abyss:2  | Killed from afar by a raiju

Illustrated notes

Levels and vault maps discovered:
D:1:      dpeg_arrival_long_road, layout_basic, serial_shops,
          nicolae_shop_waterfront, minmay_misc_feat_iff, dk_noncrumbling_2,
          minmay_domino_4
D:2:      cheibrodos_pilgrimage, layout_rooms, basic_ecumenical_altar
D:3:      layout_basic, chequers_serial_rivers_micro_d
D:4:      layout_loops_ring, nicolae_qazlal_style_of_elements,
          lightli_ossuary_entry_decrepit_ruins, minmay_joined_circles,
          uniq_pikel, uniq_sigmund
D:5:      layout_cave_pods
D:6:      layout_loops_ring, minmay_temple_entry_stoned_glass,
          uniq_blork_the_orc, uniq_edmund, uniq_crazy_yiuf_cottage
D:7:      layout_loops_ring, chequers_guarded_unrand_ignorance, uniq_duvessa,
          uniq_prince_ribbit1, uniq_harold
D:8:      layout_loops_corners, uniq_erica, uniq_joseph
D:9:      layout_basic, dpeg_oklobed_lair, uniq_psyche, uniq_grum
Temple:   compressed_dpeg_circular_temple
Abyss:2:  base: D:1, hangedman_abyss_or_decor_clamps

Skill      XL: |  1  2  3  4  5  6  7  8  9 10 11 |
---------------+----------------------------------+-----
Axes           | 3 4 5 6 8 10 13 | 13.0
Evocations     | 5 6 |  6.4
Shields        | 4 |  4.5
Fighting       | 6 7 |  7.3
Armour         | 6 7 |  7.3

Action                   |  1- 3 |  4- 6 |  7- 9 | 10-12 || total
-------------------------+-------+-------+-------+-------++-------
Melee: War axe           |   110 |   180 |   314 |   284 ||   888
       Great mace        |       |       |    14 |       ||    14
Throw: Stone             |     9 |     1 |     1 |       ||    11
       Dart              |       |       |    27 |    10 ||    37
Invok: Curse Item        |       |       |       |     3 ||     3
 Abil: Dig               |     2 |     4 |     3 |     6 ||    15
  Use: Scroll            |     6 |       |     8 |       ||    14
       Potion            |       |       |     1 |     5 ||     6
 Stab: Invisible         |       |       |       |     6 ||     6
Armor: Scale mail        |    52 |       |       |       ||    52
       Chain mail        |    18 |   103 |    91 |       ||   212
       Plate armour      |       |       |   114 |   170 ||   284
Dodge: Dodged            |    58 |    68 |   110 |    61 ||   297
Block: Buckler           |    29 |    36 |    62 |    48 ||   175

Table legend: (Time is in decaauts)
 A = Elapsed time spent in this place.
 B = Non-inter-level travel time spent in this place.
 C = Inter-level travel time spent in this place.
 D = Time resting spent in this place.
 E = Time spent auto-exploring this place.
 F = Levels seen in this place.
 G = Mean time per level.
                   A        B        C        D        E       F      G
               +--------+--------+--------+--------+--------+-----+--------+
         Total |  10310 |  10108 |    202 |   2018 |   5871 |  12 |  859.2 |
       Dungeon |   9824 |   9645 |    179 |   2013 |   5727 |   9 | 1091.6 |
        Temple |     50 |     27 |     23 |      0 |     17 |   1 |   50.0 |
         Abyss |     33 |     33 |      0 |      5 |      0 |   1 |   33.0 |
       Ossuary |    401 |    401 |      0 |      0 |    127 |   1 |  401.0 |
               +--------+--------+--------+--------+--------+-----+--------+

Top non-repeatable levels by time:
     D:7: 1576 daAuts
     D:6: 1477 daAuts
     D:4: 1433 daAuts
     D:1: 1263 daAuts
     D:3: 1231 daAuts
     D:8: 1181 daAuts
     D:5: 891 daAuts
     D:2: 725 daAuts
 Ossuary: 401 daAuts
  Temple: 50 daAuts
     D:9: 42 daAuts
 Abyss:2: 33 daAuts
